AoeStats
← Corsican Pirate

Arena

509632252Analyzed
4v4 RM · 6d ago on Sep 27, 2026· 34m 28s· 8 players
Game mode
Random Map
Map size
Large (8 player)
Population
200
Speed
Normal
Resources
Standard
Victory
Conquest
Starting age
Dark Age
Ending age
Imperial Age
RankedLock teamsTeams togetherTeam positionsShared explorationLock speedFull tech treeHidden civsTurbo modeCheats
Victory
Defeat
🇮🇹 Celts · Italy
1351
+16
🇭🇰 Danes · Hong Kong SAR China
1333
+16
🇨🇳 Cumans · China
1313
+17
🇮🇹 Burgundians · Italy
1303
+18
🇲🇽 Franks · Mexico
1353
-17
🇲🇽 Bengalis · Mexico
1347
-17
🇲🇽 Lithuanians · Mexico
1336
-17
🇨🇳 Koreans · China
1325
-16
HSL | ilBuonFabio
10:01 Feudal Age
14:26 Castle Age
13:03 Double-Bit Axe
14:05 Gold Mining
18:51 Bow Saw
18:43 Horse Collar
23:08 Pikeman
25:02 Loom
31:25 Scale Mail Armor
35:25 Wheelbarrow
leoverosoad
6:30 Double-Bit Axe
7:05 Horse Collar
10:46 Feudal Age
15:01 Castle Age
15:05 Light Cavalry
16:09 Bow Saw
20:05 Wheelbarrow
18:57 Man-at-Arms
20:00 Heavy Plow
23:30 Gold Mining
24:09 Hand Cart
26:47 Devotion
26:58 Scale Barding Armor
27:05 Forging
29:17 Iron Casting
31:32 Cavalier
C_XW
8:01 Feudal Age
12:30 Double-Bit Axe
12:25 Horse Collar
14:21 Wheelbarrow
19:38 Castle Age
17:39 Loom
18:28 Town Watch
18:47 Gold Mining
19:05 Scale Barding Armor
19:11 Forging
20:49 Chain Barding Armor
20:41 Bow Saw
20:32 Heavy Plow
21:50 Forging
22:35 Bloodlines
23:54 Iron Casting
24:18 Capped Ram
28:53 Gold Shaft Mining
29:44 Hand Cart
35:28 Imperial Age
六百公斤大肥豬
12:15 Feudal Age
13:14 Double-Bit Axe
13:11 Horse Collar
15:54 Castle Age
15:51 Scale Mail Armor
16:30 Loom
16:41 Arson
17:22 Chain Mail Armor
17:37 Bow Saw
20:39 Fletching
23:49 Forging
29:04 Squires
30:18 Stone Mining
30:20 Gold Mining
37:01 Imperial Age
Gúthwinë
10:28 Feudal Age
8:44 Loom
14:03 Castle Age
11:58 Double-Bit Axe
15:06 Bow Saw
15:43 Redemption
19:55 Sanctity
32:56 Imperial Age
31:03 Horse Collar
32:40 Wheelbarrow
32:47 Wheelbarrow
32:16 Scale Mail Armor
31:53 Man-at-Arms
Corsican Pirate
10:56 Feudal Age
12:11 Loom
15:00 Castle Age
12:47 Loom
14:31 Double-Bit Axe
22:48 Scale Barding Armor
22:54 Forging
23:22 Husbandry
24:53 Wheelbarrow
24:36 Bow Saw
24:42 Pikeman
25:53 Scale Mail Armor
Glamdring
11:05 Feudal Age
12:18 Double-Bit Axe
12:54 Horse Collar
15:17 Castle Age
16:09 Scale Mail Armor
16:24 Scale Barding Armor
20:40 Chain Barding Armor
22:38 Forging
26:57 Bloodlines
30:15 Iron Casting
脱缰野马
2:11 Loom
10:46 Feudal Age
16:47 Castle Age
14:59 Double-Bit Axe
15:22 Horse Collar
18:47 Fletching
21:06 Heavy Plow
31:16 Bow Saw
30:58 Gold Mining
Connection lost

Rejoining the realm…

Still unreachable

The connection could not be restored.

Session expired

The server has moved on; the page needs a fresh start.